AoeStats
← 150490644@

Arabia

507313621Analyzed
1v1 RM · 14d ago on Sep 17, 2026· 23m 13s· 2 players
Game mode
Random Map
Map size
Tiny (2 player)
Population
200
Speed
Normal
Resources
Standard
Victory
Conquest
Starting age
Dark Age
Ending age
Imperial Age
RankedLock teamsTeams togetherTeam positionsShared explorationLock speedFull tech treeHidden civsTurbo modeCheats
Victory
Defeat
🇧🇦 Hindustanis · Bosnia & Herzegovina
1016
+15
🇮🇹 Vietnamese · Italy
995
-15
150490644@
8:09 Loom
10:13 Feudal Age
11:11 Double-Bit Axe
15:47 Fletching
15:57 Padded Archer Armor
18:24 Wheelbarrow
18:20 Gold Mining
18:47 Horse Collar
23:32 Castle Age
21:36 Town Watch
sirbega
7:56 Loom
9:42 Feudal Age
15:01 Castle Age
15:40 Double-Bit Axe
16:59 Horse Collar
19:33 Wheelbarrow
19:28 Bow Saw
20:19 Grand Trunk Road
22:01 Scale Mail Armor
22:12 Forging
Connection lost

Rejoining the realm…

Still unreachable

The connection could not be restored.

Session expired

The server has moved on; the page needs a fresh start.